 Dungeon Crawl Stone Soup version 0.29.0-4-gdea44cf6ec (webtiles) character file.

Game seed: 3316002913385173832

26 qw the Chopper (level 3, 0/21 HPs)
             Began as a Tengu Warper on Aug 28, 2022.
             Succumbed to their own poison gas
             ... on level 1 of the Dungeon.
             The game lasted 00:00:05 (1047 turns).

qw the Chopper (Tengu Warper)                       Turns: 1047, Time: 00:00:06

Health: 0/21       AC:  8    Str: 13    XL:     3   Next: 8%
Magic:  7/7        EV:  6    Int: 13    God:
Gold:   38         SH:  0    Dex: 13    Spells: 6/6 levels left

rFire   . . .      SeeInvis .   Y - +0 hand axe (freeze)
rCold   . . .      Faith    .   (no shield)
rNeg    . . .      Spirit   .   l - +0 chain mail
rPois   .          Reflect  .   (helmet restricted)
rElec   .          Harm     .   (no cloak)
rCorr   .          Rampage  .   (no gloves)
Will    .....                   (boots unavailable)
Stlth   ..........              (no amulet)
HPRegen 0.07/turn               (no ring)
MPRegen 0.10/turn               (no ring)

@: brilliant, lethally poisoned (0 -> -2)
A: beak, talons 3
a: no special abilities


You were on level 1 of the Dungeon.
You visited 1 branch of the dungeon, and saw 1 of its levels.

You collected 38 gold pieces.


Innate Abilities, Weirdness & Mutations

You have a beak for a mouth.
You have claws for feet.


   Skills:
 - Level 2.0 Fighting
 + Level 3.8 Axes
 - Level 1.0 Throwing
 - Level 1.1 Armour
 - Level 2.1 Dodging
 - Level 2.0 Spellcasting
 - Level 2.4 Translocations


You had 6 spell levels left.
You didn't know any spells.
Your spell library contained the following spells:

 Spells                   Type           Power      Damage    Failure   Level
 Blink                    Tloc           22%        N/A       99%         2
 Gell's Gravitas          Tloc           11%        N/A       100%        3
 Lesser Beckoning         Tloc           11%        N/A       100%        3
 Teleport Other           Tloc           11%        N/A       100%        3
 Manifold Assault         Tloc           11%        N/A       100%        5

Inventory:

Hand Weapons
 d - a +0 club
 Y - a +0 hand axe of freezing (weapon)
Armour
 l - a +0 chain mail (worn)
Scrolls
 a - a scroll of identify
Potions
 e - a potion of mutation {unknown}
 i - a potion of heal wounds

Dungeon Overview and Level Annotations

Branches:
Dungeon (1/15)

Altars:


Message History

It was a scroll of poison.
Done exploring.
1035 ||| DRINKING 2 ruby potions.
It was a potion of heal wounds.
You feel much better.
Done exploring.
1036 ||| DRINKING 2 fuming silvery potions.
It was a potion of brilliance.
You feel clever all of a sudden.
Done exploring.
1037 ||| DROPPING scroll of blinking.
You drop a scroll of blinking.
Done exploring.
1038 ||| DROPPING potion of brilliance.
You drop a potion of brilliance.
Done exploring.
(D) Dungeon
Where to? (* - list waypoints, ? - help)
What level of the Dungeon? (default 1, ? - help) Sorry, I don't know how to get there.
Done exploring.
1039 ||| Stepping randomly (stuck).
Really walk into that cloud of poison gas?
You are engulfed in poison gas.
You are poisoned.
You feel very sick.
1040 ||| Stepping ~*~*~tactically~*~*~ (cloud).
You feel very sick.
Things that are here:
a potion of brilliance; a scroll of blinking
There is a lethal amount of poison in your body!
You feel sick.
There is a lethal amount of poison in your body!
You feel sick.
There is a lethal amount of poison in your body!
You feel sick.
There is a lethal amount of poison in your body!
You feel sick.
There is a lethal amount of poison in your body!
You feel sick.
There is a lethal amount of poison in your body!
You feel sick.
There is a lethal amount of poison in your body!
You die...

..###### #.##.####
###.# ##.##....#
#...#######..##¤0..##
..#...........00.¤00##
.##########>###.¤0...##
.###### #0.###0.¤0#.0#
......####.¤0.0.¤000.¤#
.#.............00.¤0###
##..........###.@.¤##
.......#...## #..¤¤#
#........#.# ##0###
#........#.### #0#
###....#.....###¤##
..#....###.#.##00¤#
}.'..### #.#..#¤¤0#
..#....# #.##..00¤#
###.##.###.####...#


There were no monsters in sight!

Vanquished Creatures
  4 endoplasms (D:1)
  A giant cockroach (D:1)
  4 goblins (D:1)
  2 hobgoblins (D:1)
  4 jackals (D:1)
  A quokka (D:1)
  A bat (D:1)
  4 kobolds (D:1)
  A rat (D:1)
22 creatures vanquished.

Notes
Turn   | Place    | Note
-------+----------+-------------------------------------------
     0 | D:1      | qw the Tengu Warper began the quest for the Orb.
     0 | D:1      | Reached XP level 1. HP: 12/12 MP: 4/4
     0 | D:1      | 0 ||| qw: Version: 0.1-a-89-g26bdef1
     0 | D:1      | 0 ||| qw: Game counter: 1530
     0 | D:1      | 0 ||| qw: Always use a shield: true
     0 | D:1      | 0 ||| qw: God list: Okawaru
     0 | D:1      | 0 ||| qw: Allow faded altars: false
     0 | D:1      | 0 ||| qw: Do Orc after D:15 true
     0 | D:1      | 0 ||| qw: Do second Lair branch before Depths: true
     0 | D:1      | 0 ||| qw: Lair rune preference: random
     0 | D:1      | 0 ||| qw: Plans: Normal
     0 | D:1      | 0 ||| PLANNING D:1-11
   190 | D:1      | HP: 1/12 [kobold/+0 club (3)]
   192 | D:1      | Reached XP level 2. HP: 2/17 MP: 6/6
   193 | D:1      | Reached skill level 3 in Axes
   489 | D:1      | 489 ||| Stepping ~*~*~tactically~*~*~ (stealth).
   489 | D:1      | Found a faded altar of an unknown god.
   499 | D:1      | 499 ||| Stepping ~*~*~tactically~*~*~ (stealth).
   500 | D:1      | 500 ||| Stepping ~*~*~tactically~*~*~ (stealth).
   733 | D:1      | Reached XP level 3. HP: 17/21 MP: 7/7
   893 | D:1      | 893 ||| UPGRADING to +0 chain mail.
   903 | D:1      | 903 ||| DROPPING +0 leather armour.
   904 | D:1      | 904 ||| READING 2 scrolls labelled ELUMPY DYMUPU.
   905 | D:1      | 905 ||| READING scroll labelled DAARITZ PUUQO.
   909 | D:1      | 909 ||| READING scroll labelled JUVVOI NU TIEPH.
  1033 | D:1      | 1033 ||| READING scroll labelled MAMIGEB UGRA.
  1034 | D:1      | 1034 ||| READING scroll labelled GEOXTETR VADUTT.
  1035 | D:1      | 1035 ||| DRINKING 2 ruby potions.
  1036 | D:1      | 1036 ||| DRINKING 2 fuming silvery potions.
  1037 | D:1      | 1037 ||| DROPPING scroll of blinking.
  1038 | D:1      | 1038 ||| DROPPING potion of brilliance.
  1039 | D:1      | 1039 ||| Stepping randomly (stuck).
  1040 | D:1      | 1040 ||| Stepping ~*~*~tactically~*~*~ (cloud).
  1042 | D:1      | HP: 4/21 [poisoned by you (poison gas)]
  1045 | D:1      | HP: 1/21 [poisoned by you (poison gas)]
  1047 | D:1      | Succumbed to their own poison gas

Levels and vault maps discovered:
D:1:      dpeg_arrival_simpleton_c, layout_rooms,
          hellmonk_ecumenical_altar_zigzags

Skill      XL: |  1  2 |
---------------+-------+-----
Axes           | 3 |  3.8
Fighting       | |  2.0
Throwing       | |  1.0
Armour         | |  1.1
Dodging        | |  2.1
Spellcasting   | |  2.0
Translocations | |  2.4

Action                   || total
-------------------------++-------
Melee: Hand axe          ||    35
       Peck              ||     8
       Kick              ||     4
Throw: Boomerang         ||     7
  Use: Scroll            ||     5
       Potion            ||     2
Armor: Leather armour    ||     4
Dodge: Dodged            ||    25

Table legend:
 A = Non-vault XP
 B = Vault XP
 C = Vault XP percentage of total XP
 D = Non-vault monster count
 E = Vault monster count
 F = Vault count percentage of total count
                 A         B        C        D         E       F
            +---------+---------+-------+---------+---------+-------
      Total |      38 |       0 |   0.0 |      22 |       0 |   0.0
            +---------+---------+-------+---------+---------+-------
        D:1 |      38 |       0 |   0.0 |      22 |       0 |   0.0
            +---------+---------+-------+---------+---------+-------
